General information
- name: BNet
- type: Ladder team game (AT/RT)
- host: Battle.net
- saver: BEAR_AND
map: UpperKingdom
- players: 6
- length: 126:32
- speed: Fast
- version: 1.21 W3XP
- replay type:

» download(656 KB)
Players
team 1 (loser)
afflicted_chick (
orange | 51 APM | 6467 actions | 125:58)
7 Demon Hunter
3 Mana Burn
3 Evasion
1 Metamorphosis
7 Priestess of the Moon
3 Trueshot Aura
3 Searing Arrows
1 Starfall
» actions
| Assign group hotkey | 139 | |
| Basic commands | 37 | |
| Build / train | 220 | |
| Enter build submenu | 35 | |
| Enter hero's abilities submenu | 14 | |
| Give item / drop item | 2 | |
| Remove unit from queue | 14 | |
| Right click | 4303 | |
| Select / deselect | 1420 | |
| Select group hotkey | 88 | |
| Use ability | 195 | |
6467 total
» units
| Wisp | 50 | |
| Huntress | 5 | |
| Hippogryph | 85 | |
| Chimaera | 28 | |
| Dryad | 3 | |
171 total
» upgrades
| Strength of the Wild | 3 | |
| Reinforced Hides | 3 | |
| Corrosive Breath | 1 | |
| Nature's Blessing | 1 | |
| Ultravision | 1 | |
| Well Spring | 1 | |
| Abolish Magic | 1 | |
11 total
» buildings
| Altar of Elders | 3 | |
| Moon Well | 7 | |
| Hunter's Hall | 1 | |
| Ancient of War | 2 | |
| Tree of Ages | 2 | |
| Ancient of Wind | 3 | |
| Tree of Eternity | 2 | |
| Chimaera Roost | 4 | |
| Tree of Life | 6 | |
| Ancient Protector | 3 | |
| Ancient of Wonders | 1 | |
| Ancient of Lore | 2 | |
36 total
» build order
00:18 Altar of Elders
00:20 Moon Well
01:56 Hunter's Hall
02:03 Ancient of War
02:09 Ancient of War
02:20 Moon Well
03:15 Tree of Ages
03:43 Moon Well
05:42 Ancient of Wind
08:23 Tree of Eternity
08:30 Moon Well
10:26 Moon Well
10:30 Moon Well
11:02 Chimaera Roost
11:05 Chimaera Roost
11:11 Tree of Life
12:15 Moon Well
12:21 Tree of Life
26:17 Tree of Life
26:57 Tree of Ages
29:09 Ancient Protector
29:27 Ancient Protector
29:37 Ancient of Wind
29:52 Ancient of Wind
30:26 Tree of Life
30:56 Altar of Elders
31:15 Ancient Protector
31:25 Ancient of Wonders
32:20 Tree of Life
45:53 Tree of Life
46:21 Altar of Elders
56:27 Tree of Eternity
59:02 Chimaera Roost
59:05 Chimaera Roost
119:23 Ancient of Lore
119:29 Ancient of Lore
» items
| Scroll of Town Portal | 2 | |
| Potion of Healing | 1 | |
| Staff of Preservation | 1 | |
4 total
berzhuzhad (
green | 28 APM | 3509 actions | 126:25)
5 Archmage
3 Summon Water Elemental
2 Brilliance Aura
7 Paladin
3 Holy Light
3 Divine Shield
1 Resurrection
» actions
| Assign group hotkey | 25 | |
| Basic commands | 34 | |
| Build / train | 132 | |
| Enter build submenu | 23 | |
| Enter hero's abilities submenu | 12 | |
| Give item / drop item | 5 | |
| Right click | 1778 | |
| Select / deselect | 963 | |
| Select group hotkey | 436 | |
| Use ability | 101 | |
3509 total
» units
| Peasant | 23 | |
| Footman | 10 | |
| Rifleman | 13 | |
| Priest | 9 | |
| Knight | 5 | |
| Siege Engine | 13 | |
| Sorceress | 4 | |
| Mortar Team | 18 | |
95 total
» upgrades
| Lumber Harvesting | 1 | |
| Priest Training | 2 | |
| Plating | 2 | |
| Barrage | 1 | |
| Gunpowder | 3 | |
| Long Rifles | 1 | |
| Masonry | 2 | |
| Sorceress Training | 2 | |
| Cloud | 1 | |
15 total
» buildings
| Altar of Kings | 1 | |
| Farm | 14 | |
| Barracks | 2 | |
| Lumber Mill | 1 | |
| Scout Tower | 2 | |
| Keep | 1 | |
| Arcane Tower | 1 | |
| Guard Tower | 1 | |
| Arcane Vault | 1 | |
| Blacksmith | 1 | |
| Castle | 1 | |
| Arcane Sanctum | 1 | |
| Town Hall | 2 | |
| Workshop | 2 | |
| Gryphon Aviary | 1 | |
32 total
» build order
00:22 Altar of Kings
00:37 Farm
00:38 Farm
00:51 Barracks
01:58 Farm
02:26 Lumber Mill
03:17 Scout Tower
03:25 Scout Tower
03:34 Keep
04:13 Arcane Tower
04:16 Guard Tower
04:31 Barracks
04:35 Farm
04:36 Farm
04:38 Farm
04:38 Farm
04:42 Farm
04:43 Farm
04:45 Farm
05:49 Arcane Vault
07:00 Blacksmith
08:31 Castle
08:40 Arcane Sanctum
14:05 Town Hall
14:47 Workshop
17:54 Farm
17:56 Farm
17:57 Farm
17:58 Farm
18:05 Workshop
51:03 Town Hall
92:27 Gryphon Aviary
» items
Ghost_Kills (
purple | 44 APM | 5598 actions | 126:29)
5 Demon Hunter
3 Mana Burn
2 Evasion
4 Warden
2 Shadow Strike
2 Blink
» actions
| Assign group hotkey | 88 | |
| Basic commands | 43 | |
| Build / train | 102 | |
| Enter build submenu | 39 | |
| Enter hero's abilities submenu | 10 | |
| Give item / drop item | 3 | |
| Remove unit from queue | 4 | |
| Right click | 3253 | |
| Select / deselect | 1180 | |
| Select group hotkey | 697 | |
| Use ability | 178 | |
5598 total
» units
| Wisp | 32 | |
| Huntress | 8 | |
| Glaive Thrower | 6 | |
| Druid of the Claw | 5 | |
| Magnataur Warrior | 1 | |
| Hippogryph | 5 | |
| Chimaera | 11 | |
68 total
» upgrades
| Vorpal Blades | 1 | |
| Druid of the Claw Training | 2 | |
| Upgrade Moon Glaive | 1 | |
| Well Spring | 1 | |
| Mark of the Claw | 1 | |
| Strength of the Moon | 1 | |
| Reinforced Hides | 3 | |
| Strength of the Wild | 3 | |
| Hippogryph Taming | 0 | |
| Corrosive Breath | 1 | |
| Ultravision | 1 | |
15 total
» buildings
| Altar of Elders | 1 | |
| Moon Well | 11 | |
| Hunter's Hall | 1 | |
| Ancient of War | 2 | |
| Tree of Ages | 2 | |
| Ancient of Lore | 2 | |
| Tree of Eternity | 2 | |
| Tree of Life | 4 | |
| Ancient Protector | 4 | |
| Ancient of Wind | 1 | |
| Chimaera Roost | 3 | |
| Ancient of Wonders | 1 | |
34 total
» build order
00:05 Altar of Elders
00:08 Moon Well
01:26 Hunter's Hall
01:33 Ancient of War
02:16 Ancient of War
02:55 Moon Well
03:57 Moon Well
04:57 Moon Well
05:39 Tree of Ages
06:29 Moon Well
08:26 Ancient of Lore
09:47 Moon Well
10:46 Tree of Eternity
12:15 Ancient of Lore
16:36 Tree of Life
22:51 Tree of Life
26:12 Moon Well
27:11 Moon Well
28:08 Moon Well
29:00 Ancient Protector
29:03 Ancient Protector
29:09 Ancient Protector
29:25 Ancient Protector
29:33 Tree of Ages
31:54 Tree of Eternity
32:01 Ancient of Wind
34:41 Chimaera Roost
34:48 Chimaera Roost
34:58 Chimaera Roost
35:29 Moon Well
37:30 Moon Well
44:25 Ancient of Wonders
47:35 Tree of Life
55:10 Tree of Life
team 2 (winner)
BEAR_AND (
red | 73 APM | 9187 actions | 126:32)
10 Warden
3 Shadow Strike
3 Blink
3 Fan of Knives
1 Spirit of Vengeance
1 Blademaster
1 Mirror Image
» actions
| Assign group hotkey | 14 | |
| Basic commands | 13 | |
| Build / train | 154 | |
| Enter build submenu | 43 | |
| Enter hero's abilities submenu | 11 | |
| Give item / drop item | 9 | |
| Remove unit from queue | 21 | |
| Right click | 5730 | |
| Select / deselect | 690 | |
| Select group hotkey | 1907 | |
| Use ability | 589 | |
9187 total
» units
| Wisp | 48 | |
| Chimaera | 3 | |
| Druid of the Talon | 47 | |
98 total
» upgrades
| Ultravision | 1 | |
| Strength of the Wild | 3 | |
| Nature's Blessing | 1 | |
| Well Spring | 1 | |
| Reinforced Hides | 3 | |
| Corrosive Breath | 1 | |
| Druid of the Talon Training | 2 | |
| Mark of the Talon | 1 | |
13 total
» buildings
| Altar of Elders | 3 | |
| Moon Well | 17 | |
| Tree of Ages | 3 | |
| Hunter's Hall | 2 | |
| Tree of Life | 8 | |
| Tree of Eternity | 2 | |
| Ancient of Wind | 4 | |
| Chimaera Roost | 1 | |
| Ancient of Wonders | 1 | |
| Ancient of War | 1 | |
42 total
» build order
00:09 Altar of Elders
00:17 Moon Well
01:01 Moon Well
04:58 Tree of Ages
05:01 Hunter's Hall
05:10 Moon Well
05:13 Moon Well
06:01 Tree of Life
07:21 Tree of Eternity
07:31 Ancient of Wind
10:06 Chimaera Roost
11:19 Tree of Life
11:51 Ancient of Wonders
25:16 Ancient of Wind
25:20 Ancient of Wind
25:59 Tree of Ages
28:46 Tree of Life
28:51 Moon Well
28:51 Moon Well
28:52 Moon Well
28:53 Moon Well
29:05 Ancient of War
29:06 Tree of Life
29:43 Tree of Life
41:02 Tree of Life
41:07 Tree of Life
50:00 Tree of Life
50:03 Hunter's Hall
50:59 Altar of Elders
51:05 Moon Well
51:10 Moon Well
51:11 Moon Well
51:13 Moon Well
51:53 Moon Well
52:13 Tree of Ages
54:14 Moon Well
54:36 Tree of Eternity
54:54 Ancient of Wind
57:13 Altar of Elders
59:03 Moon Well
63:55 Moon Well
66:46 Moon Well
» items
| Lesser Clarity Potion | 1 | |
| Orb of Venom | 1 | |
| Tiny Great Hall | 1 | |
3 total
dirtmcwordup (
blue | 55 APM | 7006 actions | 126:30)
7 Archmage
3 Blizzard
3 Brilliance Aura
1 Mass Teleport
9 Mountain King
3 Storm Bolt
2 Bash
1 Avatar
3 Thunder Clap
» actions
| Assign group hotkey | 22 | |
| Basic commands | 143 | |
| Build / train | 203 | |
| ESC pressed | 4 | |
| Enter build submenu | 175 | |
| Enter hero's abilities submenu | 16 | |
| Give item / drop item | 16 | |
| Right click | 2817 | |
| Select / deselect | 806 | |
| Select group hotkey | 1709 | |
| Use ability | 1088 | |
7006 total
» units
| Peasant | 20 | |
| Dragonhawk Rider | 22 | |
| Mortar Team | 1 | |
| Sorceress | 2 | |
| Priest | 2 | |
| Siege Engine | 2 | |
| Flying Machine | 2 | |
51 total
» upgrades
| Masonry | 3 | |
| Lumber Harvesting | 2 | |
| Magic Sentry | 1 | |
| Armor | 3 | |
| Cloud | 1 | |
| Swords | 3 | |
| Animal War Training | 1 | |
| Sorceress Training | 2 | |
| Priest Training | 2 | |
| Barrage | 1 | |
| Gunpowder | 3 | |
| Plating | 3 | |
| Storm Hammers | 1 | |
| Flak Cannons | 1 | |
| Flying Machine Bombs | 1 | |
| Flare | 1 | |
| Fragmentation Shards | 1 | |
| Control Magic | 1 | |
31 total
» buildings
| Lumber Mill | 4 | |
| Altar of Kings | 2 | |
| Farm | 13 | |
| Scout Tower | 257 | |
| Arcane Tower | 2 | |
| Guard Tower | 87 | |
| Town Hall | 4 | |
| Keep | 1 | |
| Arcane Vault | 3 | |
| Gryphon Aviary | 3 | |
| Arcane Sanctum | 1 | |
| Blacksmith | 1 | |
| Castle | 1 | |
| Barracks | 1 | |
| Workshop | 1 | |
381 total
» build order
00:06 Lumber Mill
00:08 Altar of Kings
00:29 Farm
00:39 Scout Tower
00:45 Scout Tower
01:10 Arcane Tower
01:47 Arcane Tower
01:53 Farm
02:08 Scout Tower
02:10 Scout Tower
02:34 Scout Tower
02:36 Guard Tower
02:39 Guard Tower
02:41 Scout Tower
02:54 Scout Tower
03:16 Guard Tower
03:18 Scout Tower
03:19 Scout Tower
03:25 Scout Tower
03:27 Scout Tower
03:28 Guard Tower
03:52 Guard Tower
03:54 Scout Tower
03:55 Scout Tower
03:58 Guard Tower
03:58 Guard Tower
04:16 Scout Tower
04:17 Scout Tower
04:29 Guard Tower
04:31 Scout Tower
04:32 Scout Tower
04:52 Town Hall
04:56 Guard Tower
04:58 Scout Tower
04:59 Scout Tower
05:05 Scout Tower
05:06 Scout Tower
05:08 Scout Tower
05:09 Scout Tower
05:11 Guard Tower
05:18 Guard Tower
05:21 Farm
05:27 Guard Tower
05:54 Scout Tower
05:54 Scout Tower
06:09 Guard Tower
06:12 Guard Tower
06:23 Guard Tower
06:35 Guard Tower
06:54 Guard Tower
08:15 Scout Tower
08:16 Scout Tower
08:17 Scout Tower
08:17 Scout Tower
08:18 Scout Tower
08:20 Keep
08:25 Scout Tower
08:26 Scout Tower
08:26 Scout Tower
08:28 Scout Tower
08:29 Scout Tower
08:30 Scout Tower
08:37 Scout Tower
08:37 Scout Tower
08:39 Scout Tower
08:39 Scout Tower
08:43 Scout Tower
08:44 Scout Tower
08:59 Guard Tower
09:04 Scout Tower
09:05 Scout Tower
09:06 Scout Tower
09:07 Scout Tower
09:08 Scout Tower
09:12 Guard Tower
09:17 Guard Tower
09:21 Arcane Vault
09:32 Guard Tower
09:37 Scout Tower
09:38 Scout Tower
09:40 Scout Tower
09:41 Scout Tower
09:43 Scout Tower
09:43 Scout Tower
09:44 Scout Tower
09:45 Scout Tower
10:03 Guard Tower
10:11 Guard Tower
10:11 Guard Tower
10:12 Guard Tower
10:16 Guard Tower
10:17 Guard Tower
10:51 Guard Tower
11:08 Guard Tower
11:25 Scout Tower
11:25 Scout Tower
11:48 Scout Tower
11:49 Scout Tower
11:51 Guard Tower
12:01 Gryphon Aviary
12:07 Gryphon Aviary
12:15 Guard Tower
12:28 Guard Tower
12:46 Guard Tower
12:49 Guard Tower
13:11 Scout Tower
13:14 Scout Tower
13:19 Arcane Sanctum
13:22 Scout Tower
13:29 Scout Tower
13:31 Scout Tower
13:46 Guard Tower
13:53 Scout Tower
13:54 Scout Tower
13:55 Scout Tower
13:55 Scout Tower
13:56 Scout Tower
13:57 Scout Tower
14:00 Scout Tower
14:02 Scout Tower
14:04 Scout Tower
14:06 Scout Tower
14:07 Scout Tower
14:08 Scout Tower
14:09 Scout Tower
14:09 Scout Tower
14:10 Scout Tower
14:21 Guard Tower
14:24 Scout Tower
14:25 Scout Tower
14:26 Scout Tower
14:27 Scout Tower
14:28 Scout Tower
14:29 Scout Tower
14:33 Scout Tower
14:34 Scout Tower
14:36 Scout Tower
14:36 Scout Tower
14:37 Scout Tower
14:38 Scout Tower
14:51 Farm
15:09 Guard Tower
15:11 Blacksmith
15:16 Castle
15:25 Guard Tower
16:09 Guard Tower
16:10 Scout Tower
16:11 Scout Tower
16:12 Scout Tower
16:12 Scout Tower
16:14 Scout Tower
16:14 Scout Tower
16:47 Farm
17:24 Guard Tower
17:27 Guard Tower
17:34 Scout Tower
17:34 Scout Tower
17:35 Scout Tower
17:36 Scout Tower
17:37 Scout Tower
17:37 Scout Tower
17:48 Guard Tower
18:20 Barracks
19:50 Guard Tower
19:54 Arcane Vault
19:56 Scout Tower
19:57 Scout Tower
19:58 Scout Tower
19:58 Scout Tower
20:00 Scout Tower
20:00 Scout Tower
20:43 Lumber Mill
21:32 Scout Tower
21:33 Scout Tower
21:45 Scout Tower
21:46 Scout Tower
21:48 Scout Tower
21:52 Scout Tower
21:55 Scout Tower
21:56 Scout Tower
21:57 Scout Tower
21:58 Scout Tower
21:58 Scout Tower
21:59 Scout Tower
22:02 Guard Tower
22:09 Scout Tower
22:10 Scout Tower
22:11 Scout Tower
22:12 Scout Tower
22:13 Scout Tower
22:14 Scout Tower
22:18 Guard Tower
22:37 Guard Tower
22:52 Guard Tower
24:21 Guard Tower
24:25 Farm
24:26 Farm
24:27 Farm
24:27 Farm
24:28 Farm
24:29 Farm
24:35 Scout Tower
24:36 Scout Tower
24:37 Scout Tower
24:38 Scout Tower
24:39 Scout Tower
24:39 Scout Tower
24:40 Scout Tower
24:41 Scout Tower
24:41 Scout Tower
24:42 Scout Tower
24:43 Scout Tower
24:44 Scout Tower
25:28 Guard Tower
26:32 Guard Tower
26:33 Guard Tower
26:44 Scout Tower
26:45 Scout Tower
26:45 Scout Tower
26:47 Scout Tower
26:48 Scout Tower
26:49 Scout Tower
26:50 Scout Tower
26:51 Scout Tower
26:51 Scout Tower
26:53 Scout Tower
26:54 Scout Tower
26:55 Scout Tower
26:55 Scout Tower
26:56 Scout Tower
26:57 Scout Tower
27:09 Guard Tower
29:22 Town Hall
29:33 Scout Tower
29:34 Scout Tower
29:35 Scout Tower
29:36 Scout Tower
29:37 Scout Tower
29:37 Scout Tower
29:38 Scout Tower
29:38 Scout Tower
29:39 Scout Tower
29:40 Scout Tower
29:41 Scout Tower
29:42 Scout Tower
29:43 Scout Tower
29:44 Scout Tower
29:45 Scout Tower
29:46 Scout Tower
29:46 Scout Tower
30:17 Scout Tower
30:21 Scout Tower
30:22 Scout Tower
30:23 Scout Tower
30:24 Scout Tower
30:25 Scout Tower
30:25 Scout Tower
30:26 Scout Tower
30:27 Scout Tower
30:27 Scout Tower
30:28 Scout Tower
30:31 Guard Tower
30:45 Guard Tower
31:18 Guard Tower
31:20 Lumber Mill
31:25 Guard Tower
31:29 Guard Tower
31:33 Scout Tower
31:34 Scout Tower
31:35 Scout Tower
31:35 Scout Tower
31:36 Scout Tower
31:37 Scout Tower
31:39 Scout Tower
31:40 Scout Tower
31:40 Scout Tower
31:41 Scout Tower
31:41 Scout Tower
31:42 Scout Tower
31:42 Scout Tower
31:44 Scout Tower
32:12 Guard Tower
32:14 Guard Tower
32:20 Guard Tower
32:21 Scout Tower
32:22 Scout Tower
33:25 Guard Tower
33:31 Scout Tower
33:31 Scout Tower
33:32 Scout Tower
33:33 Scout Tower
33:33 Scout Tower
33:34 Scout Tower
33:35 Scout Tower
33:36 Scout Tower
33:37 Scout Tower
33:38 Scout Tower
33:39 Scout Tower
33:40 Scout Tower
33:41 Scout Tower
34:42 Guard Tower
34:47 Guard Tower
34:50 Guard Tower
37:38 Guard Tower
38:58 Workshop
39:13 Scout Tower
39:43 Guard Tower
42:06 Town Hall
42:14 Town Hall
46:56 Scout Tower
46:57 Scout Tower
47:04 Scout Tower
48:07 Guard Tower
49:01 Scout Tower
49:02 Scout Tower
49:04 Scout Tower
49:06 Scout Tower
49:13 Scout Tower
49:47 Guard Tower
49:56 Scout Tower
49:57 Scout Tower
49:59 Guard Tower
50:13 Scout Tower
50:14 Scout Tower
50:29 Guard Tower
50:50 Guard Tower
51:10 Guard Tower
51:20 Gryphon Aviary
51:25 Lumber Mill
51:42 Scout Tower
52:15 Guard Tower
52:53 Scout Tower
52:54 Scout Tower
52:54 Scout Tower
53:32 Farm
53:33 Farm
53:36 Guard Tower
53:38 Scout Tower
54:04 Scout Tower
54:06 Guard Tower
54:16 Altar of Kings
54:27 Scout Tower
54:28 Scout Tower
54:29 Scout Tower
54:30 Scout Tower
54:31 Scout Tower
54:33 Scout Tower
54:34 Scout Tower
55:04 Guard Tower
55:32 Scout Tower
55:35 Scout Tower
55:36 Scout Tower
55:38 Guard Tower
56:36 Guard Tower
57:00 Guard Tower
57:15 Scout Tower
57:17 Scout Tower
57:18 Scout Tower
57:24 Guard Tower
57:30 Guard Tower
58:43 Guard Tower
58:45 Scout Tower
58:46 Scout Tower
58:47 Scout Tower
58:47 Scout Tower
59:50 Arcane Vault
60:05 Guard Tower
60:39 Guard Tower
60:59 Scout Tower
61:01 Scout Tower
61:03 Scout Tower
61:05 Scout Tower
61:06 Scout Tower
63:13 Guard Tower
63:15 Scout Tower
63:16 Scout Tower
63:17 Scout Tower
63:18 Scout Tower
65:12 Guard Tower
» items
| Healing Salve | 1 | |
| Scroll of Regeneration | 1 | |
| Staff of Sanctuary | 2 | |
| Orb of Lightning | 2 | |
| Scroll of Town Portal | 2 | |
| Tiny Great Hall | 1 | |
| Potion of Healing | 1 | |
10 total
iggy_the_fisk (
yellow | 56 APM | 5898 actions | 106:14)
9 Blademaster
3 Wind Walk
3 Critical Strike
1 Bladestorm
2 Mirror Image
» actions
| Assign group hotkey | 201 | |
| Basic commands | 35 | |
| Build / train | 160 | |
| Enter build submenu | 118 | |
| Enter hero's abilities submenu | 9 | |
| Give item / drop item | 23 | |
| Remove unit from queue | 6 | |
| Right click | 3429 | |
| Select / deselect | 869 | |
| Select group hotkey | 694 | |
| Use ability | 354 | |
5898 total
» units
| Peon | 34 | |
| Troll Batrider | 48 | |
| Kodo Beast | 1 | |
| Wind Rider | 10 | |
| Shaman | 1 | |
| Troll Witch Doctor | 1 | |
| Spirit Walker | 1 | |
96 total
» upgrades
| Spiked Barricades | 1 | |
| Liquid Fire | 1 | |
| Reinforced Defenses | 1 | |
| Envenomed Spears | 1 | |
| Ranged Weapons | 3 | |
| Armor | 3 | |
| War Drums Damage Increase | 1 | |
| Shaman Training | 2 | |
| Witch Doctor Training | 2 | |
| Spirit Walker Training | 2 | |
17 total
» buildings
| Altar of Storms | 2 | |
| Orc Burrow | 14 | |
| War Mill | 3 | |
| Watch Tower | 72 | |
| Voodoo Lounge | 3 | |
| Stronghold | 2 | |
| Beastiary | 4 | |
| Fortress | 2 | |
| Great Hall | 3 | |
| Spirit Lodge | 2 | |
107 total
» build order
00:07 Altar of Storms
00:19 Orc Burrow
00:49 War Mill
02:02 Watch Tower
02:05 Watch Tower
02:13 Voodoo Lounge
02:39 Watch Tower
02:49 Watch Tower
03:18 Watch Tower
03:23 Watch Tower
03:39 Stronghold
03:44 Watch Tower
04:01 Watch Tower
04:10 Orc Burrow
04:25 Watch Tower
04:50 Watch Tower
05:09 Watch Tower
05:23 Watch Tower
05:36 Watch Tower
06:02 Watch Tower
06:13 Beastiary
06:36 Watch Tower
06:37 Watch Tower
06:38 Watch Tower
06:52 Watch Tower
06:54 Watch Tower
07:41 Watch Tower
07:44 Beastiary
07:46 Fortress
08:00 Voodoo Lounge
08:05 Watch Tower
08:07 Watch Tower
08:38 Watch Tower
08:47 Watch Tower
08:48 Watch Tower
09:14 Orc Burrow
10:04 Watch Tower
10:05 Watch Tower
10:08 Watch Tower
10:12 Watch Tower
10:14 Orc Burrow
12:19 Watch Tower
12:28 Watch Tower
12:39 Watch Tower
12:54 Watch Tower
13:32 Watch Tower
14:01 Watch Tower
14:19 Watch Tower
15:21 Watch Tower
15:24 Watch Tower
16:26 Watch Tower
16:38 Watch Tower
17:30 Watch Tower
17:32 Watch Tower
17:50 Great Hall
17:55 Watch Tower
17:57 Watch Tower
19:49 Watch Tower
19:53 Watch Tower
19:57 Watch Tower
20:52 Watch Tower
20:59 Watch Tower
21:29 Watch Tower
21:34 Watch Tower
21:55 Beastiary
21:58 Altar of Storms
22:16 Orc Burrow
22:22 Orc Burrow
22:35 War Mill
23:31 Orc Burrow
24:18 Voodoo Lounge
24:32 War Mill
25:08 Great Hall
26:21 Stronghold
29:15 Watch Tower
29:45 Watch Tower
29:47 Watch Tower
30:47 Great Hall
31:57 Watch Tower
31:59 Watch Tower
32:23 Watch Tower
32:24 Watch Tower
33:18 Watch Tower
33:20 Watch Tower
34:43 Fortress
34:52 Watch Tower
34:55 Watch Tower
36:23 Watch Tower
36:24 Watch Tower
36:44 Watch Tower
36:47 Watch Tower
36:47 Watch Tower
37:04 Watch Tower
37:23 Orc Burrow
37:38 Watch Tower
38:20 Watch Tower
38:50 Watch Tower
38:52 Watch Tower
49:50 Orc Burrow
49:52 Orc Burrow
49:53 Orc Burrow
49:55 Orc Burrow
49:56 Orc Burrow
51:20 Beastiary
53:49 Orc Burrow
57:53 Spirit Lodge
61:02 Spirit Lodge
» items
| Healing Salve | 7 | |
| Lesser Clarity Potion | 13 | |
| Orb of Lightning | 1 | |
| Scroll of Town Portal | 6 | |
27 total
Chat log
(01:55 / All) BEAR_AND: feed.....hahahhaa
(02:32 / All) BEAR_AND: lmao
(38:20 / All) BEAR_AND: lmao fucking noobs.
(46:14 / All) Ghost_Kills: sum1 short cash?
(46:19 / All) BEAR_AND: yea
(46:20 / All) BEAR_AND: hehe
(46:21 / All) dirtmcwordup: sTFU..
(46:35 / Allies) BEAR_AND: 14659 gold lmao
(46:36 / All) iggy_the_fisk: noobelf fags shut it plz...
(46:49 / All) Ghost_Kills: u cant play orc at all
(46:50 / All) BEAR_AND: ur trash....bear dryad or chippo and its gg.....fuck ur race
(53:18 / All) BEAR_AND: lol lmfao
(57:47 / All) BEAR_AND: hahhahahhaha
(57:51 / All) BEAR_AND: rallyjacked by tower
(61:11 / All) BEAR_AND: im kiri starstalker.....ur worst nightmare
(61:17 / All) BEAR_AND: where are u children from.
(64:26 / All) BEAR_AND: fuck u
(64:28 / All) BEAR_AND: tell u what
(64:39 / All) BEAR_AND: if you want us to quit now (this second) paypal me $15
(64:41 / All) BEAR_AND: 5 for each.
(64:45 / All) BEAR_AND: kerr.tyler@gmail.com
(64:49 / All) berzhuzhad: rofl
(64:50 / All) BEAR_AND: i get the email & we all quit
(64:55 / All) berzhuzhad: times are hard huh?
(66:23 / All) dirtmcwordup: luckers
(70:00 / All) BEAR_AND: FUCK
(70:02 / All) BEAR_AND: i hate my team
(70:05 / All) BEAR_AND: u guys in a clan?
(70:07 / All) dirtmcwordup: stfu jeff
(70:16 / All) BEAR_AND: regg fuck u
(70:20 / All) BEAR_AND: u have 9 apm
(70:58 / All) dirtmcwordup: lucker fags!!
(71:01 / All) BEAR_AND: ty for level 10 BITCH!!!!!!!!!!
(74:55 / All) BEAR_AND: hey
(74:59 / All) BEAR_AND: don't forget our offer
(75:05 / All) BEAR_AND: $15 for guaranteed win
(75:20 / All) afflicted_chick: its already guarenteed
(75:24 / All) BEAR_AND: oh. ok
(75:27 / All) dirtmcwordup: u wannan bet
(75:36 / All) BEAR_AND: bet u $16....
(75:38 / All) dirtmcwordup: i bet u $15 dollers
(75:46 / All) BEAR_AND: canadian dollar please, they worth more
(75:53 / All) dirtmcwordup: lmfao fat ameircan
(75:57 / All) iggy_the_fisk: lol
(76:00 / All) iggy_the_fisk: die in twin tower lately
(76:02 / All) iggy_the_fisk: hamburgers
(76:14 / All) berzhuzhad: sure, I'll put it on my credit card...>.>
(76:17 / All) BEAR_AND: ok
(76:20 / All) BEAR_AND: kerr.tyler@gmail.com
(76:24 / All) dirtmcwordup: >.>
(76:28 / All) BEAR_AND: V__________________V
(76:32 / All) iggy_the_fisk: quick before the credit market collapses lmfao fatsos
(76:47 / All) BEAR_AND: all cash, cash only
(76:48 / All) dirtmcwordup: 2 late osama bin ladin killed ur economy lmfao
(76:53 / All) dirtmcwordup: how it feel fatso
(76:58 / All) dirtmcwordup: for a brown to kill u economy
(77:01 / All) iggy_the_fisk: owned by beardie man
(77:05 / All) berzhuzhad: rofl
(77:07 / All) iggy_the_fisk: with dirt in he face
(77:18 / All) BEAR_AND: ur country is filth
(77:22 / All) dirtmcwordup: he takes shit in a hole in afghanistan and u cant find him........and he ruin ur countyr
(77:23 / All) BEAR_AND: fat redneck moms w/ no husbend
(77:32 / All) BEAR_AND: alcoholic rednecks who beat their son & fuck their daughter...
(77:34 / All) BEAR_AND: that is america.
(77:42 / All) berzhuzhad: wow, glad we're american...
(77:44 / All) dirtmcwordup: i laugh when i see people jump out of WTC (world trade center) on september 11th
(77:58 / All) dirtmcwordup: wat the matter u fatties cant stand a little heat in the building,, use the stairs lazy fatso
(77:59 / All) iggy_the_fisk: maybe they see coin on the street
(78:11 / All) berzhuzhad: ROFL
(78:11 / All) BEAR_AND: "ooooh. a sacagawea doller. i jump "
(78:21 / All) dirtmcwordup: my fat legs too fat for the stiars
(78:32 / All) BEAR_AND: yes, i said sacagawea. i know the history of ur filthy countrey
(78:35 / All) dirtmcwordup: i need to get down fast to stuff my gullet with 15 hambuirgers with cheese
(78:36 / All) dirtmcwordup: adios
(79:44 / All) iggy_the_fisk: haha can't find
(79:49 / All) BEAR_AND: u blind bats.
(79:50 / All) iggy_the_fisk: Much like your penis in shower...
(79:51 / All) dirtmcwordup: open eyes fat boy
(79:59 / All) dirtmcwordup: use ur echolocation
(80:03 / All) dirtmcwordup: yeah im educated and what
(80:04 / All) berzhuzhad: rofl
(80:07 / All) iggy_the_fisk: send sonars pingping
(80:07 / All) BEAR_AND: &*click* im american *cklick*
(80:15 / All) BEAR_AND: nope not it
(80:21 / Allies) BEAR_AND: nope
(80:22 / All) BEAR_AND: nope
(80:24 / All) BEAR_AND: not there either
(80:27 / All) iggy_the_fisk: think wisps are buildings lol
(80:29 / All) BEAR_AND: nop
(80:33 / All) Ghost_Kills: it'll be over soon n u guys can resume ur buttsex
(80:53 / All) dirtmcwordup: heres a hint, next time ur mom takes a crap ask if u can come in and check her butt, i been there lateley
(81:05 / All) iggy_the_fisk: maybe you oppress us for it with your fake god haha
(82:24 / All) BEAR_AND: gl hf
(82:30 / All) BEAR_AND: $15 for instant win
(82:31 / All) dirtmcwordup: my name is green and im eating a cheeseburger and wearing glasses
(82:58 / All) berzhuzhad: I wish, Haven't had a cheeseburger in a week
(83:13 / All) iggy_the_fisk: economy so bad lol
(84:46 / All) dirtmcwordup: hey: suck a dick
(86:00 / All) BEAR_AND: nice heal lmao hahahha
(87:53 / All) dirtmcwordup: i sucka shit for u
(88:59 / All) BEAR_AND: lol...hahaha
(90:05 / All) BEAR_AND: i kill u
(90:07 / All) BEAR_AND: bwahahaha
(90:11 / All) BEAR_AND: pay up * cough it up
(90:20 / All) BEAR_AND: $15 to kerr.tyler@gmail.com go to paypal.com
(90:32 / All) BEAR_AND: yea, come get me
(90:33 / All) BEAR_AND: bwahahahah
(92:02 / All) BEAR_AND: bwahahahaha pathetic filth
(92:15 / All) Ghost_Kills: get a job
(92:22 / All) BEAR_AND: i got one bitch
(92:27 / All) BEAR_AND: i worked all weekend, now im pwning u
(92:29 / All) BEAR_AND: hahahaha
(92:30 / All) dirtmcwordup: my job is pwning u lmfao
(92:37 / All) iggy_the_fisk: $15 get u win
(92:46 / All) BEAR_AND: listen, 5 from each of you...not so expensive
(92:53 / All) BEAR_AND: we each go out to eat, u get a big fat win
(93:03 / All) BEAR_AND: it will be at the top of ur Games By Length list
(93:11 / All) BEAR_AND: that is pretty sweet if u ask me. is $5 each so much for that?
(93:16 / All) dirtmcwordup: holy cow.....these guys win a 2 hour game.......
(93:20 / All) dirtmcwordup: ull be the talk of the town. . .
(93:29 / All) iggy_the_fisk: impress dumb american bimbo yes? :)
(93:48 / All) dirtmcwordup: she say: green u last so long in game...can u last so long in bed lets find out
(93:53 / All) dirtmcwordup: and u get EVERY girl guarantee
(93:56 / All) BEAR_AND: im waiting for the paypal....as soon as i see "American Warcraft Team has sent you $15 through Paypal" i alt qq
(93:59 / All) berzhuzhad: wtf
(94:02 / All) berzhuzhad: LOL
(94:10 / All) BEAR_AND: listen im approved paypal
(94:13 / All) BEAR_AND: i have (6) by my name
(94:13 / All) afflicted_chick: im from new zealand..
(94:15 / All) BEAR_AND: look it up
(94:23 / All) BEAR_AND: kerr.tyler@gmail.com
(94:25 / All) BEAR_AND: look that up
(94:26 / All) BEAR_AND: nerds
(94:30 / All) BEAR_AND: do u have jobs?
(94:42 / All) BEAR_AND: $15 is what....3 hours of work at american minimum wage?
(94:43 / All) berzhuzhad: I have three
(94:58 / All) BEAR_AND: 3 hours of work or 3 hours of sitting here losing....ur choice
(96:50 / All) dirtmcwordup: i take a shit bigger tha ur dick
(97:21 / All) dirtmcwordup: then i wash it with water......not like u dirty amerifan
(97:24 / All) dirtmcwordup: american**
(98:18 / Allies) dirtmcwordup: i freaken burn my bagel
(98:20 / Allies) dirtmcwordup: you believe that.
(100:31 / All) dirtmcwordup: Fat Bitches alwasy Lose
(104:23 / All) dirtmcwordup: ummmmmmmmmmmmm how many shits i gotta lay before you get the clue
(105:23 / Allies) dirtmcwordup: lagging
(106:14 / All) afflicted_chick: ddd
(108:00 / All) BEAR_AND: lol/////jajajajaja
(109:48 / All) BEAR_AND: u just keep losing shit
(109:49 / All) BEAR_AND: bwahahah
(113:12 / All) BEAR_AND: lmao hahaha
(115:43 / All) BEAR_AND: hahahah....u can sitll pay
(116:14 / All) BEAR_AND: in a couple min the price goes to $20
(116:16 / All) BEAR_AND: thnk about it
(122:47 / All) BEAR_AND: price is now $20......looks like we gonna win after all.
(125:38 / All) BEAR_AND: ok price now $30 hahhahahah
(125:48 / All) BEAR_AND: run bitch
(125:58 / All) BEAR_AND: lmao
(126:07 / All) dirtmcwordup: 15$ still
(126:09 / All) dirtmcwordup: if u like win
(126:19 / All) Ghost_Kills: same price ur momma gave me